 Dungeon Crawl Stone Soup version 0.18.1-5-g4a78601 (webtiles) character file.

79 Scarto the Shield-Bearer (level 4, 0/29 HPs)
             Began as a Gargoyle Fighter on May 9, 2016.
             Was an Initiate of Okawaru.
             Slain by an orc
             ... wielding a +2 war axe of flaming
              (5 damage)
             ... on level 3 of the Dungeon.
             The game lasted 00:02:08 (1544 turns).

Scarto the Shield-Bearer (Gargoyle Fighter)         Turns: 1544, Time: 00:02:10

Health: 0/29       AC: 10    Str: 25    XL:     4   Next: 37%
Magic:  4/4        EV:  8    Int:  9    God:    Okawaru [......]
Gold:   89         SH: 10    Dex:  9    Spells: 0 memorised, 3 levels left

rFire  . . .     SeeInvis .     a - +0 war axe
rCold  . . .     Gourm    .     b - +0 scale mail
rNeg   + . .     Faith    .     c - +0 shield
rPois  ∞         Spirit   .     (no helmet)
rElec  +         Dismiss  .     (no cloak)
rCorr  .         Reflect  .     (no gloves)
SustAt .         Harm     .     (no boots)
MR     .....                    (no amulet)
Stlth  ..........               (no ring)
                                (no ring)

@: mighty, not resistant to hostile enchantments, extremely unstealthy
A: negative energy resistance 1, electricity resistance, unbreathing,
petrification resistance, rot immunity, AC +3
a: Renounce Religion


You were on level 3 of the Dungeon.
You worshipped Okawaru.
Okawaru was noncommittal.
You were not hungry.

You visited 1 branch of the dungeon, and saw 3 of its levels.

You collected 89 gold pieces.

Inventory:

Hand Weapons
 a - a +0 war axe (weapon)
Armour
 b - a +0 scale mail (worn)
 c - a +0 shield (worn)
Scrolls
 e - a scroll of fear {unknown}
 g - a scroll of magic mapping {unknown}
 i - a scroll of recharging {unknown}
 k - a scroll of amnesia {unknown}
Potions
 d - 2 potions of might
 j - a potion of haste {unknown}
 l - a potion of degeneration {unknown}
 n - a potion of lignification {unknown}
 o - a potion of curing {unknown}
Books
 m - a book of Changes

   Spells                             Type                      Level
   a - Beastly Appendage              Transmutation                1
   b - Sticks to Snakes               Transmutation                2
   c - Spider Form                    Transmutation/Poison         3
   d - Ice Form                       Ice/Transmutation            4
   e - Blade Hands                    Transmutation                5
Comestibles
 h - 2 meat rations


   Skills:
 + Level 4.0 Fighting
 + Level 2.1 Axes
 + Level 3.7 Armour
 + Level 1.0 Dodging
 + Level 4.1 Shields


You had 3 spell levels left.
You didn't know any spells.

Dungeon Overview and Level Annotations

Branches:
Dungeon (3/15)

Altars:
Okawaru

Annotations:
D:3 Grinder


Innate Abilities, Weirdness & Mutations

You are resistant to torment.
Your stone body is resilient (AC +3).
You are immune to poison.
You resist negative energy.
You are resistant to electric shocks.
You can survive without breathing.
You are immune to petrification.
You are immune to rotting.


Message History

The goblin hits you but does no damage.
The jackal bites you but does no damage.
You block the jackal's attack. The hobgoblin hits you with a club.
* * * LOW HITPOINT WARNING * * *
Grinder hits you but does no damage.
Unknown command.
You closely miss the orc. You slash the hobgoblin!
You kill the hobgoblin!
Okawaru accepts your kill.
You barely miss the jackal. You closely miss the jackal. You slash Grinder!
Grinder is heavily wounded.
You hit the goblin.
The goblin is severely wounded.
The jackal completely misses you.
The jackal bites you but does no damage.
The goblin barely misses you. You block the orc's attack.
You block the jackal's attack.
Grinder blinks!
You block the jackal's attack. The goblin hits you but does no damage.
The orc hits you with a war axe of flaming.
You die...

................
................
............... .
...)..........
... #............
....##...........
.......wh)o......
........#
..............#.#
.........).......
.........!...###.
........%5...#
.......###..##


You could see Grinder, a dart slug, an orc, 2 jackals and a goblin.

Vanquished Creatures
  An adder (D:2)
  A worm (D:2)
  3 dart slugs (D:1)
  An orc (D:3)
  A ball python (D:3)
  2 giant cockroaches
  13 goblins
  2 hobgoblins
  11 jackals
  5 kobolds
  4 bats
  9 rats
53 creatures vanquished.

Notes
Turn   | Place    | Note
--------------------------------------------------------------
     0 | D:1      | Scarto the Gargoyle Fighter began the quest for the Orb.
     0 | D:1      | Reached XP level 1. HP: 14/14 MP: 1/1
   359 | D:1      | Reached XP level 2. HP: 19/19 MP: 2/2
   891 | D:2      | Reached XP level 3. HP: 24/24 MP: 3/3
  1278 | D:2      | Found an iron altar of Okawaru.
  1300 | D:2      | Reached XP level 4. HP: 27/29 MP: 4/4
  1312 | D:2      | Became a worshipper of Warmaster Okawaru
  1534 | D:3      | Noticed Grinder
  1538 | D:3      | Reached skill level 1 in Dodging
  1539 | D:3      | Paralysed by Grinder for 4 turns
  1544 | D:3      | Slain by an orc

Skill      XL: |  1  2  3  4 |
---------------+-------------+-----
Axes           | 2 |  2.1
Shields        | 4 |  4.1
Fighting       | 4 |  4.0
Dodging        | 1 |  1.0
Armour         | |  3.7

Action                   |  1- 3 |  4- 6 || total
-------------------------+-------+-------++-------
Melee: War axe           |   113 |    43 ||   156
  Use: Potion            |       |     1 ||     1
  Eat: Bread ration      |       |     1 ||     1
Armor: Scale mail        |    76 |    64 ||   140
Dodge: Dodged            |    37 |    21 ||    58
Block: Shield            |    62 |    32 ||    94
